AoeStats
← sam.salorio

Four Lakes

509776030Analyzed
1v1 RM · 3d ago on Sep 28, 2026· 60m 2s· 2 players
Game mode
Random Map
Map size
Tiny (2 player)
Population
200
Speed
Normal
Resources
Standard
Victory
Conquest
Starting age
Dark Age
Ending age
Imperial Age
RankedLock teamsTeams togetherTeam positionsShared explorationLock speedFull tech treeHidden civsTurbo modeCheats
Victory
Defeat
🇺🇸 Berbers · United States
783
+17
🇨🇳 Romans · China
799
-17
sam.salorio
11:38 Feudal Age
10:29 Loom
12:32 Town Watch
13:49 Double-Bit Axe
18:23 Fletching
20:41 Castle Age
22:10 Bow Saw
22:48 Wheelbarrow
22:33 Town Patrol
24:47 Bloodlines
24:40 Husbandry
26:17 Bodkin Arrow
26:29 Scale Barding Armor
26:35 Forging
28:24 Chain Barding Armor
28:18 Forging
28:05 Bodkin Arrow
30:14 Iron Casting
29:47 Fishing Lines
31:52 Light Cavalry
38:13 Horse Collar
39:38 Heavy Plow
48:55 Imperial Age
48:31 Gold Mining
48:49 Kasbah
50:05 Conscription
49:17 Cavalier
51:25 Blast Furnace
52:07 Plate Barding Armor
52:06 Conscription
56:51 Hoardings
55:45 Heavy Scorpion
57:32 Hussar
59:33 Chemistry
58:55 Ballistics
58:34 Murder Holes
58:21 Treadmill Crane
58:54 Masonry
59:09 Siege Engineers
TERMIT
6:58 Loom
9:53 Feudal Age
10:44 Double-Bit Axe
10:41 Horse Collar
12:17 Man-at-Arms
20:51 Wheelbarrow
20:47 Forging
20:37 Scale Mail Armor
20:53 Forging
26:43 Gold Mining
29:48 Castle Age
29:52 Long Swordsman
30:35 Squires
32:13 Chain Mail Armor
35:26 Iron Casting
36:01 Fletching
40:51 Bodkin Arrow
44:44 Bow Saw
44:47 Heavy Plow
51:40 Pikeman
Connection lost

Rejoining the realm…

Still unreachable

The connection could not be restored.

Session expired

The server has moved on; the page needs a fresh start.